 Dungeon Crawl Stone Soup version 0.31-a0-240-gb923e448b6 (webtiles) character file.

Game seed: 18284212752009196870

1047 Nattfarinn the Changeling (level 8, -3/62 HPs)
             Began as a Demonspawn Shapeshifter on July 11, 2023.
             Succumbed to Edmund's poison
             ... on level 5 of the Dungeon.
             The game lasted 00:03:59 (4731 turns).

Nattfarinn the Changeling (Demonspawn Shapeshifter) Turns: 4731, Time: 00:03:59

Health: -3/62      AC:  2    Str: 18    XL:     8   Next: 5%
Magic:  8/8        EV: 12    Int: 10    God:
Gold:   268        SH:  0    Dex: 13    Spells: 7/7 levels left

rFire   . .          .
                       - Unarmed
rCold   . . .        (no shield)
rNeg    . . .        a - +0 animal skin
rPois   .            (helmet currently unavailable)
rElec   .            (cloak currently unavailable)
rCorr   .            (gloves currently unavailable)
SInv    .            (boots unavailable)
Will    .....        (no amulet)
Stlth   +            (no ring)
HPRegen 0.30/turn    (no ring)
MPRegen 0.11/turn

%: no passive effects
@: lethally poisoned (-3 -> -37), beast-form
A: beast (slay +3), antennae 1, hooves 3, powered by death 1, weakness stinger 1
a: no special abilities


You were on level 5 of the Dungeon.
You were a hulking beast.
You visited 1 branch of the dungeon, and saw 5 of its levels.

You collected 268 gold pieces.

Inventory:

Armour
 a - a +0 animal skin (worn)
Jewellery
 q - an amulet of guardian spirit
Talismans
 c - a beast talisman
Wands
 l - a wand of charming (11)
 s - a wand of light (7)
Scrolls
 d - 6 scrolls of identify {unknown}
 g - 3 scrolls of enchant weapon {unknown}
 k - a scroll of amnesia {unknown}
 n - a scroll of noise {unknown}
 p - a scroll of teleportation {unknown}
 r - a scroll of immolation {unknown}
Potions
 b - a potion of lignification
 e - a potion of cancellation
 f - a potion of heal wounds {unknown}
 h - 2 potions of brilliance {unknown}
 i - a potion of attraction {unknown}
 j - a potion of curing {unknown}
 m - 4 potions of might {unknown}
 o - a potion of enlightenment {unknown}
 t - 2 potions of resistance {unknown}


   Skills:
 * Level 5.0 Fighting
 - Level 1.7 Dodging
 + Level 5.2 Unarmed Combat
 - Level 5.3 Shapeshifting


You had 7 spell levels left.
You didn't know any spells.
Your spell library contained the following spells:

 Spells                   Type           Power      Damage    Failure   Level
 Sandblast                Erth           0%         2d4       36%         1
 Blink                    Tloc           0%         N/A       50%         2
 Lesser Beckoning         Tloc           0%         N/A       50%         2
 Momentum Strike          Conj/Tloc      0%         3d8       50%         2
 Passwall                 Tmut/Erth      0%         N/A       50%         2
 Scorch                   Fire           0%         2d5       50%         2
 Frozen Ramparts          Ice            0%         1d1       75%         3
 Gell's Gravitas          Tloc           0%         N/A       75%         3
 Hailstorm                Conj/Ice       0%         3d3       75%         3
 Stone Arrow              Conj/Erth      0%         3d7       75%         3
 Teleport Other           Tloc           0%         N/A       75%         3
 Petrify                  Tmut/Erth      0%         N/A       98%         4
 Sticky Flame             Conj/Fire      0%         2d3       98%         4
 Summon Ice Beast         Ice/Summ       0%         N/A       98%         4
 Metabolic Englaciation   Hex/Ice        0%         N/A       100%        5
 Simulacrum               Ice/Necr       0%         N/A       100%        6
 Fire Storm               Conj/Fire      0%         5d1       100%        9


Dungeon Overview and Level Annotations

Branches:
Dungeon (5/15)
 Temple: D:4-7

Altars:
Dithmenos

Annotations:
D:5 Edmund


Innate Abilities, Weirdness & Mutations

You are a hulking beast.
Your limbs bulge with bestial killing power. (Slay +3)
You have a pair of small antennae on your head.
You have hooves in place of feet.
You regenerate a little health from kills.
You have a small tail.


Message History

The iguana is moderately wounded.
The iguana misses you. The orc hits you with a +0 mace.
You punch the iguana! You kick the iguana.
You kill the iguana!
An ogre comes into view. It is wielding a +0 giant spiked club.
The orc hits you with a +0 mace.
You hit the orc. You kick the orc, but do no damage. You tail-slap the orc.
The orc is heavily wounded.
The orc hits you with a +0 mace!
You hit the orc but do no damage. You kick the orc, but do no damage.
The orc is heavily wounded.
The orc barely misses you.
You hit the orc but do no damage.
The orc is heavily wounded.
The orc misses you.
You punch the orc!
You kill the orc!
You punch Edmund! You tail-slap Edmund, but do no damage.
Edmund is lightly wounded.
Edmund barely misses you.
You hit Edmund.
Edmund is moderately wounded.
Edmund hits you with a +2 dire flail of venom!
You are poisoned.
You hit Edmund but do no damage. You kick Edmund. You tail-slap Edmund.
Edmund is heavily wounded.
You feel very sick. Edmund barely misses you.
You hit Edmund.
Edmund is heavily wounded.
You feel very sick.
Edmund hits you with a +2 dire flail of venom!
You are lethally poisoned!
The ogre hits you with a +0 giant spiked club!!
* * * LOW HITPOINT WARNING * * *
It was a potion of cancellation.
Your magical effects are unravelling.
You feel magically purged.
The sentinel's mark upon you fades away.
You die...

#### #########..####
##.......<..h@.#
#............O....#
#............###....
####........## #..
###......# #
##....## #..###
##..# #...#


You could see Edmund and an ogre.

Vanquished Creatures
  Eustachio (D:4)
  Menkaure (D:5)
  An ogre (D:5)
  2 black bears
  Blork the orc (D:4)
  A scorpion (D:4)
  2 jellies
  A gnoll bouda (D:4)
  2 hounds (D:5)
  3 iguanas
  5 adders
  5 gnolls
  2 ufetubi (D:5)
  2 worms (D:2)
  A dart slug (D:2)
  9 orcs
  4 bats
  6 endoplasms
  3 giant cockroaches
  5 goblins
  6 hobgoblins
  3 jackals
  A quokka (D:2)
  10 ball pythons
  3 frilled lizards (D:2)
  5 kobolds
  3 rats
88 creatures vanquished.

Notes
Turn   | Place    | Note
-------+----------+-------------------------------------------
     0 | D:1      | Nattfarinn the Demonspawn Shapeshifter began the quest for
                  | the Orb.
     0 | D:1      | Reached XP level 1. HP: 16/16 MP: 1/1
   184 | D:1      | Found a faded altar of an unknown god.
   227 | D:1      | Gained mutation: You regenerate a little health from kills.
                  | [demonic ancestry]
   227 | D:1      | Reached XP level 2. HP: 17/22 MP: 2/2
   834 | D:2      | Discovered your monstrous ancestry.
   834 | D:2      | Gained mutation: You have a pair of small antennae on your
                  | head. [demonic ancestry]
   834 | D:2      | Reached XP level 3. HP: 22/27 MP: 3/3
  1496 | D:2      | Gained mutation: You have large cloven feet. [demonic
                  | ancestry]
  1496 | D:2      | Reached XP level 4. HP: 21/33 MP: 4/4
  2251 | D:3      | Got Cerebov's Enchiridion on Immolation
  2484 | D:3      | Found a shadowy altar of Dithmenos.
  2707 | D:4      | Noticed a scorpion
  2712 | D:4      | Killed a scorpion
  2713 | D:4      | Gained mutation: You have a small tail. [demonic ancestry]
  2713 | D:4      | Reached XP level 5. HP: 38/38 MP: 5/5
  2978 | D:4      | Noticed Blork the orc
  2988 | D:4      | HP: 1/38 [Blork the orc/+0 trident (7)]
  2989 | D:4      | Killed Blork the orc
  2990 | D:4      | Gained mutation: You have hoof-like feet. [demonic
                  | ancestry]
  2990 | D:4      | Reached XP level 6. HP: 1/44 MP: 6/6
  3400 | D:4      | Reached skill level 5 in Shapeshifting
  3500 | D:5      | Entered Level 5 of the Dungeon
  3648 | D:5      | Noticed Eustachio
  3662 | D:4      | Gained mutation: You have hooves in place of feet. [demonic
                  | ancestry]
  3662 | D:4      | Reached XP level 7. HP: 33/50 MP: 7/7
  3732 | D:4      | Killed Eustachio
  4354 | D:5      | Noticed Menkaure
  4376 | D:5      | Killed Menkaure
  4471 | D:5      | Reached skill level 5 in Unarmed Combat
  4659 | D:5      | Reached XP level 8. HP: 51/61 MP: 8/8
  4704 | D:5      | Reached skill level 5 in Fighting
  4719 | D:5      | Noticed Edmund
  4731 | D:5      | Succumbed to Edmund's poison

Illustrated notes

Levels and vault maps discovered:
D:1:      kennysheep_arrival_seaside, layout_rooms, serial_curves,
          eino_curves_03, eino_curves_03,
          dreamdust_ecumenical_altar_hidden_monk_grotto,
          minmay_misc_feat_encased
D:2:      layout_loops_corners, nicolae_hexahallways, minmay_fountain_box
D:3:      layout_loops_corners, mainiacjoe_overflow_catwalk, minivault_4,
          minmay_fractal_squares_5
D:4:      black_bear_nest_1, layout_basic, uniq_blork_the_orc
D:5:      layout_cave_pods, uniq_eustachio, uniq_menkaure, uniq_edmund

Skill      XL: |  1  2  3  4  5  6  7  8 |
---------------+-------------------------+-----
Unarmed Combat | 2 3 4 5 |  5.2
Shapeshifting  | 3 4 5 |  5.3
Fighting       | 4 5 |  5.0
Dodging        | |  1.7

Action                     |  1- 3 |  4- 6 |  7- 9 || total
---------------------------+-------+-------+-------++-------
  Melee: Unarmed           |   109 |    62 |    52 ||   223
         Punch             |     2 |     2 |     1 ||     5
         Kick              |       |    18 |    19 ||    37
         Tailslap          |       |     5 |     8 ||    13
    Use: Potion            |       |       |     1 ||     1
   Stab: Sleeping          |     2 |       |       ||     2
 Armour: Animal skin       |    23 |    10 |     3 ||    36
  Dodge: Dodged            |    63 |    34 |    27 ||   124

Table legend: (Time is in decaauts)
 A = Elapsed time spent in this place.
 B = Non-inter-level travel time spent in this place.
 C = Inter-level travel time spent in this place.
 D = Time resting spent in this place.
 E = Time spent auto-exploring this place.
 F = Levels seen in this place.
 G = Mean time per level.
                   A        B        C        D        E       F      G
               +--------+--------+--------+--------+--------+-----+--------+
         Total |   4728 |   4640 |     88 |    725 |   3355 |   5 |  945.6 |
       Dungeon |   4728 |   4640 |     88 |    725 |   3355 |   5 |  945.6 |
               +--------+--------+--------+--------+--------+-----+--------+

Top non-repeatable levels by time:
     D:4: 1410 daAuts
     D:2: 1249 daAuts
     D:3: 741 daAuts
     D:1: 684 daAuts
     D:5: 643 daAuts
